 Dungeon Crawl Stone Soup version 0.27-a0-32-g443bf2d2ca (webtiles) character file.

Game seed: 15651220395956172123

22220 Bigol the Geomancer (level 12, -5/80 HPs)
             Began as a Gargoyle Earth Elementalist on Jan 4, 2021.
             Was a High Priest of Vehumet.
             Slain by a boulder beetle (42 damage)
             ... on level 12 of the Dungeon.
             The game lasted 00:33:00 (15763 turns).

Bigol the Geomancer (Gargoyle Earth Elementalist)  Turns: 15763, Time: 00:33:01

Health: -5/80      AC: 23    Str: 12    XL:     12   Next: 98%
Magic:  24/24      EV: 14    Int: 21    God:    Vehumet [*****.]
Gold:   133        SH:  0    Dex: 10    Spells: 13/27 levels left

rFire    . . .     SeeInvis +   e - +5 short sword (elec)
rCold    . . .     Faith    .   (no shield)
rNeg     + . .     Spirit   .   M - +0 troll leather armour
rPois    ∞         Reflect  .   h - +2 helmet
rElec    +         Harm     .   (no cloak)
rCorr    .         Rampage  .   B - +2 pair of gloves
Will     .....                  r - +2 pair of boots
Stlth    ++++......             H - amulet of regeneration
HPRegen  1.03/turn              j - ring of stealth
MPRegen  0.19/turn              F - ring of see invisible

@: slowed, very slow
A: camouflage 1, negative energy resistance 1, robust 1, electricity resistance,
unbreathing, petrification resistance, miasma immunity, AC +8
a: Renounce Religion


You were on level 12 of the Dungeon.
You worshipped Vehumet.
Vehumet was extremely pleased with you.
You visited 2 branches of the dungeon, and saw 13 of its levels.
You also visited: Sewer.

You collected 747 gold pieces.
You spent 614 gold pieces at shops.

Inventory:

Hand Weapons
 e - a +5 short sword of electrocution (weapon)
 p - a +0 flail
 w - a +2 whip of electrocution
Missiles
 b - 146 stones (quivered)
 A - 4 throwing nets
Armour
 h - a +2 helmet (worn)
 r - a +2 pair of boots (worn)
 B - a +2 pair of gloves (worn)
 M - a +0 troll leather armour (worn)
Magical Staves
 J - an uncursed staff of cold
Jewellery
 j - a ring of stealth (left hand)
 s - an uncursed ring of positive energy
 F - a ring of see invisible (right hand)
 H - an amulet of regeneration (around neck)
 L - an uncursed ring of wizardry
Wands
 q - a wand of random effects (21)
 u - a wand of iceblast (20)
 y - a wand of paralysis (3)
 K - a wand of polymorph (9)
Scrolls
 a - 2 scrolls of fear
 d - 7 scrolls of identify
 f - 6 scrolls of amnesia
 g - 12 scrolls of teleportation
 l - 6 scrolls of remove curse
 t - a scroll of brand weapon
 x - a scroll of holy word
 C - 2 scrolls of magic mapping
 D - a scroll of blinking
Potions
 i - 4 potions of might
 k - 6 potions of brilliance
 m - 7 potions of lignification
 o - 6 potions of flight
 v - 2 potions of attraction
 z - a potion of cancellation
 E - 3 potions of heal wounds
 G - a potion of invisibility
Miscellaneous
 c - a box of beasts
 I - a phantom mirror


   Skills:
 + Level 7.8 Fighting
 + Level 7.1 Maces & Flails
 - Level 6.0 Armour
 + Level 6.3 Dodging
 - Level 2.1 Stealth
 + Level 8.3 Spellcasting
 + Level 9.3 Conjurations
 - Level 0.7 Transmutations
 + Level 11.0 Earth Magic
 + Level 6.2 Evocations


You had 13 spell levels left.
You knew the following spells:

 Your Spells              Type           Power        Failure   Level
a - Sandblast             Erth           100%         1%          1
b - Stone Arrow           Conj/Erth      100%         1%          3
c - Lee's Rapid Deconstr  Erth           26%          1%          5
e - Bolt of Magma         Conj/Fire/Erth 18%          4%          5

Your spell library contained the following spells:

 Spells                   Type           Power        Failure   Level
 Magic Dart               Conj           100%         1%          1
 Passwall                 Tmut/Erth      27%          1%          2
 Conjure Flame            Conj/Fire      28%          1%          3
 Mephitic Cloud           Conj/Pois/Air  21%          2%          3
 Petrify                  Tmut/Erth      33%          9%          4
 Blink                    Tloc           N/A          14%         2
 Call Imp                 Summ           8%           14%         2
 Slow                     Hex            8%           14%         2


Dungeon Overview and Level Annotations

Branches:
Dungeon (12/15)            Temple (1/1) D:4            Lair (0/6) D:11
    Orc (0/2) D:12          Sewer (visited)

Altars:
Ashenzari
Cheibriados
Dithmenos
Fedhas
Gozag
Hepliaklqana
Kikubaaqudgha
Makhleb
Qazlal
Ru
Sif Muna
Trog
Vehumet
Wu Jian
Xom
Yredelemnul
Zin

Shops:
D:9 ?


Innate Abilities, Weirdness & Mutations

You are resistant to torment.
Your stone body is resilient. (AC +8)
You are immune to poison.
You resist negative energy. (rN+)
You are resistant to electric shocks. (rElec)
You can survive without breathing.
You are immune to petrification.
You are immune to miasma.
Your skin changes colour to match your surroundings (Stealth+).
You are robust. (+10% HP)


Message History

The wraith hits you. The wraith drains your vigour!
You feel as though you will be slow longer.
You hit the wraith but do no damage.
The wraith is heavily damaged.
The wraith closely misses you. The wraith hits you!
The boulder beetle curls into a ball and begins rolling!
You hit the wraith. Lightning courses through the wraith!
The wraith is severely damaged.
The wraith hits you. The wraith hits you but does no damage.
You hit the wraith.
The wraith is almost destroyed.
The boulder beetle hits you!!!
The boulder beetle stops rolling and uncurls.
The wraith closely misses you.
Unknown command.
The boulder beetle closely misses you. The wraith hits you but does no damage.
The boulder beetle curls into a ball and begins rolling!
The boulder beetle hits you!!!
Ouch! That really hurt!
You die...

#.........>#.........#......#...#
#..........#........##>.....#...#
#..........#........##......#....
#..........#........##......#....
#.........[).)......##......####.
#..........#.)..........<.....
#..........#...................
#..........#.....B.○...........
#..........#....@W○.##........
#..........####'##### #'#
#..........#........##
#..........#.........#
#..........#.........#
#.....#....#.........#
#..........#.........#
#..........#........##
#..........####'#####.


You could see a boulder beetle and a wraith.

Vanquished Creatures
  A hydra (D:12)
  A boulder beetle (D:11)
  Erolcha (D:11)
  Harold (D:10)
  2 centaur warriors (D:9)
  2 tengu warriors (D:12)
  A two-headed ogre (D:8)
  Urug (D:12)
  5 skeletal warriors (D:11)
  3 ugly things
  Pikel (D:6)
  3 cyclopes
  A gargoyle (D:9)
  A komodo dragon (D:10)
  6 trolls
  Grinder (D:3)
  Sigmund (D:2)
  6 yaks
  A shadow (D:12)
  A wraith (D:9)
  A wyvern (D:9)
  A soldier ant (D:12)
  An acid dragon (D:9)
  A water moccasin (D:7)
  2 sky beasts
  2 orc warriors
  2 ice beasts
  5 ogres
  2 black bears
  3 phantoms
  A wolf (D:10)
  9 centaurs
  4 big kobolds
  15 bullfrogs
  A wyvern zombie (D:10)
  3 scorpions
  4 wights (D:11)
  7 howler monkeys
  A bullfrog zombie (D:7)
  7 jellies
  5 orc priests
  7 hounds
  2 centaur skeletons
  16 orc wizards
  Jessica (D:3)
  Natasha (thrice) (D:2)
  4 bullfrog skeletons
  Terence (D:3)
  5 iguanas
  12 worker ants
  2 killer bee zombies
  3 hound skeletons
  14 adders
  A howler monkey skeleton (D:9)
  A river rat (Sewer)
  A hound simulacrum (D:10)
  7 white imps
  2 ufetubi
  3 adder zombies
  3 oozes
  An adder skeleton (D:4)
  5 worms
  A dart slug (D:2)
  4 leopard geckos
  50 orcs
  3 ball pythons
  10 giant cockroaches
  9 goblins
  7 hobgoblins
  8 jackals
  21 kobolds
  4 quokkas
  7 bats
  7 frilled lizards
  A giant cockroach zombie (D:6)
  A jackal skeleton (D:5)
  A leopard gecko zombie (D:7)
  A quokka skeleton (D:8)
  7 rats
353 creatures vanquished.

Vanquished Creatures (others)
  11 fungi (D:11)
  13 plants (D:11)
24 creatures vanquished.

Grand Total: 377 creatures vanquished

Notes
Turn   | Place    | Note
-------+----------+-------------------------------------------
     0 | D:1      | Bigol the Gargoyle Earth Elementalist began the quest for
                  | the Orb.
     0 | D:1      | Reached XP level 1. HP: 10/10 MP: 3/3
   289 | D:1      | Reached skill level 4 in Earth Magic
   289 | D:1      | Reached XP level 2. HP: 8/15 MP: 3/5
   922 | D:1      | Reached XP level 3. HP: 16/19 MP: 6/6
   926 | D:1      | Learned a level 3 spell: Stone Arrow
  1435 | D:2      | Reached skill level 1 in Conjurations
  1600 | D:2      | Found a faded altar of an unknown god.
  1614 | D:2      | Noticed Natasha
  1616 | D:2      | Killed Natasha
  1617 | D:2      | Reached XP level 4. HP: 24/24 MP: 8/8
  1626 | D:2      | Found a blossoming altar of Fedhas.
  1764 | D:2      | Noticed Natasha
  1773 | D:2      | Killed Natasha
  1774 | D:2      | Reached skill level 5 in Earth Magic
  1787 | D:2      | Noticed Natasha
  1793 | D:2      | Killed Natasha
  1794 | D:2      | Reached XP level 5. HP: 9/28 MP: 4/10
  2017 | D:2      | Learned a level 5 spell: Lee's Rapid Deconstruction
  2115 | D:2      | Noticed Sigmund
  2127 | D:2      | Killed Sigmund
  2128 | D:2      | Reached XP level 6. HP: 5/32 MP: 4/11
  2800 | D:3      | Reached skill level 6 in Earth Magic
  3048 | D:3      | Found a glowing drain.
  3073 | Sewer    | Entered a sewer
  3385 | Sewer    | Reached XP level 7. HP: 30/36 MP: 13/13
  4058 | D:3      | Noticed Jessica
  4060 | D:3      | Killed Jessica
  4245 | D:3      | Found an opulent altar of Gozag.
  4245 | D:3      | Found a burning altar of Makhleb.
  4250 | D:3      | Found a snail-covered altar of Cheibriados.
  4252 | D:3      | Found a faded altar of an unknown god.
  4254 | D:3      | Found an ornate altar of the Wu Jian Council.
  4405 | D:3      | Noticed Terence
  4415 | D:3      | Killed Terence
  4524 | D:3      | Found a shimmering blue altar of Sif Muna.
  4558 | D:3      | Noticed Grinder
  4568 | D:3      | Killed Grinder
  4569 | D:3      | Reached skill level 1 in Fighting
  4569 | D:3      | Reached skill level 1 in Maces & Flails
  4569 | D:3      | Reached skill level 1 in Armour
  4569 | D:3      | Reached skill level 5 in Spellcasting
  4569 | D:3      | Reached skill level 7 in Earth Magic
  4569 | D:3      | Reached XP level 8. HP: 35/43 MP: 9/15
  4825 | D:4      | Found a staircase to the Ecumenical Temple.
  4837 | Temple   | Entered the Ecumenical Temple
  4898 | Temple   | Became a worshipper of Vehumet
  5315 | D:4      | Reached skill level 5 in Conjurations
  5499 | D:4      | Found an ancient bone altar of Kikubaaqudgha.
  5866 | D:4      | You fall into a shaft and drop 1 floor!
  5866 | D:5      | Entered Level 5 of the Dungeon
  5909 | D:5      | Reached * piety under Vehumet
  5909 | D:5      | Offered knowledge of Freeze by Vehumet.
  5982 | D:5      | Reached skill level 1 in Evocations
  6007 | D:5      | Reached XP level 9. HP: 49/49 MP: 17/17
  6072 | D:5      | Gained mutation: You are robust. (+10% HP) [potion of
                  | mutation]
  6072 | D:5      | Gained mutation: Your skin changes colour to match your
                  | surroundings (Stealth+). [potion of mutation]
  6727 | D:6      | Noticed Pikel
  6758 | D:6      | Killed Pikel
  6759 | D:6      | Reached skill level 8 in Earth Magic
  6864 | D:6      | Reached ** piety under Vehumet
  6864 | D:6      | Offered knowledge of Foxfire by Vehumet.
  6921 | D:6      | Noticed a troll
  6934 | D:6      | Killed a troll
  7970 | D:7      | Found a sacrificial altar of Ru.
  7970 | D:7      | Found a shimmering blue altar of Sif Muna.
  8227 | D:7      | Reached XP level 10. HP: 61/61 MP: 19/19
  8660 | D:8      | Noticed a two-headed ogre
  8662 | D:8      | Offered knowledge of Searing Ray by Vehumet.
  8666 | D:8      | Killed a two-headed ogre
  8973 | D:8      | Noticed a centaur warrior
  9018 | D:8      | Noticed a salamander
  9264 | D:9      | Reached *** piety under Vehumet
  9714 | D:9      | Noticed a centaur warrior
  9716 | D:9      | Noticed a cyclops
  9717 | D:9      | Noticed a gargoyle
  9724 | D:9      | Killed a gargoyle
  9725 | D:9      | Reached skill level 9 in Earth Magic
  9825 | D:9      | Killed a centaur warrior
  9826 | D:9      | Reached skill level 5 in Fighting
  9826 | D:9      | Reached skill level 5 in Armour
  9954 | D:9      | Killed a cyclops
 10072 | D:9      | Offered knowledge of Inner Flame by Vehumet.
 10349 | D:9      | Reached XP level 11. HP: 70/70 MP: 14/21
 10392 | D:9      | Found Luraevan's Magic Scroll Shop.
 10431 | D:9      | Noticed a red ugly thing
 10433 | D:9      | Reached skill level 5 in Maces & Flails
 10436 | D:9      | Killed a red ugly thing
 11059 | D:9      | Found Luraevan's Magic Scroll Shop.
 11345 | D:9      | Noticed a centaur warrior
 11361 | D:9      | Killed a centaur warrior
 11869 | D:9      | Bought a scroll of brand weapon for 300 gold pieces
 11869 | D:9      | Bought a scroll of identify for 30 gold pieces
 11869 | D:9      | Bought a scroll of identify for 30 gold pieces
 11869 | D:9      | Bought a scroll of identify for 30 gold pieces
 11869 | D:9      | Bought a scroll of identify for 30 gold pieces
 11869 | D:9      | Bought a scroll of blinking for 112 gold pieces
 11869 | D:9      | Bought a scroll of identify for 30 gold pieces
 11869 | D:9      | Bought a scroll of fear for 52 gold pieces
 11911 | D:10     | Entered Level 10 of the Dungeon
 11919 | D:10     | Noticed a cyclops
 12262 | D:10     | Killed a cyclops
 12347 | D:10     | Found a hazy altar of Hepliaklqana.
 12821 | D:10     | Noticed Harold
 12839 | D:10     | Killed Harold
 12849 | D:10     | Reached skill level 5 in Dodging
 13359 | D:10     | Found a basalt altar of Yredelemnul.
 13684 | D:11     | Reached **** piety under Vehumet
 13701 | D:11     | Offered knowledge of Sticky Flame by Vehumet.
 13724 | D:11     | Noticed a skeletal warrior
 13725 | D:11     | Noticed a skeletal warrior
 13725 | D:11     | Noticed a skeletal warrior
 13726 | D:11     | Noticed a skeletal warrior
 13744 | D:11     | Killed a skeletal warrior
 13759 | D:11     | Killed a skeletal warrior
 13760 | D:11     | Reached skill level 10 in Earth Magic
 13760 | D:11     | Reached skill level 5 in Evocations
 13762 | D:11     | Killed a skeletal warrior
 14007 | D:11     | Reached XP level 12. HP: 75/78 MP: 23/23
 14035 | D:11     | Noticed Erolcha
 14042 | D:11     | Killed Erolcha
 14358 | D:11     | Found a staircase to the Lair.
 14789 | D:11     | Noticed a boulder beetle
 14796 | D:11     | Killed a boulder beetle
 14894 | D:12     | Noticed Urug
 14958 | D:12     | Killed Urug
 15014 | D:12     | Noticed a seven-headed hydra
 15027 | D:12     | Killed a seven-headed hydra
 15128 | D:12     | Noticed a boulder beetle
 15158 | D:12     | Reached ***** piety under Vehumet
 15169 | D:12     | Offered knowledge of Bolt of Magma by Vehumet.
 15178 | D:12     | Learned a level 5 spell: Bolt of Magma
 15253 | D:12     | Found a staircase to the Orcish Mines.
 15329 | D:12     | Noticed a tengu warrior
 15329 | D:12     | Noticed a tengu warrior
 15349 | D:12     | Killed a tengu warrior
 15349 | D:12     | Killed a tengu warrior
 15356 | D:12     | Reached skill level 11 in Earth Magic
 15763 | D:12     | Slain by a boulder beetle

Illustrated notes

Levels and vault maps discovered:
D:1:      sevenhm_arrival_forest_fort_large_4, layout_basic, hex_intersection,
          minmay_misc_feat_roman, kennysheep_another_room
D:2:      layout_rooms, chequers_ecumenical_altar_simple, lemuel_statue_altar,
          uniq_natasha, uniq_sigmund
D:3:      layout_loops_ring, chequers_temple_overflow_minitemple,
          gup_sewer_entry_bubbles, minmay_misc_feat_more_columns, led_sif_pool,
          uniq_jessica, uniq_grinder, uniq_terence
D:4:      layout_basic, minmay_temple_entry_arrows, lemuel_altar_in_water
D:5:      layout_basic
D:6:      layout_basic, uniq_pikel
D:7:      layout_gridville, gammafunk_temple_overflow_statue
D:8:      layout_basic, minivault_12
D:9:      hangedman_cross_veins, layout_cave_pods, serial_shops, kennysheep_mini
D:10:     layout_stronghold, basic_altar, serial_ice, serial_ice_o,
          serial_ice_n, serial_ice_a, serial_ice_c, yredelemnul_altar_generic,
          uniq_harold
D:11:     layout_roguey, grunt_lair_entry_orc_guard_hut, uniq_erolcha
D:12:     layout_stronghold, david_orc_1_choice, minmay_variable_closet,
          uniq_urug
Temple:   eino_temple_scatter_basement

Skill      XL: |  1  2  3  4  5  6  7  8  9 10 11 12 |
---------------+-------------------------------------+-----
Earth Magic    | 4 5 6 7 8 9 10 11 | 11.0
Conjurations   | 1 2 3 4 5 6 7 8 9 |  9.3
Spellcasting   | 3 4 5 6 7 8 |  8.3
Fighting       | 1 2 4 5 6 7 |  7.8
Maces & Flails | 1 2 3 4 6 7 |  7.1
Armour         | 1 2 4 5 6 |  6.0
Dodging        | 2 3 4 5 6 |  6.3
Evocations     | 1 2 4 5 6 |  6.2
Stealth        | |  2.1
Transmutations | |  0.7

Action                   |  1- 3 |  4- 6 |  7- 9 | 10-12 || total
-------------------------+-------+-------+-------+-------++-------
Melee: Short sword       |    82 |   148 |   354 |   526 ||  1110
 Cast: Sandblast         |     6 |    25 |    18 |    46 ||    95
       Lee's Rapid Decon |       |       |     3 |    32 ||    35
       Stone Arrow       |       |       |     1 |     4 ||     5
       Bolt of Magma     |       |       |       |     7 ||     7
Evoke: Wand              |       |       |       |    12 ||    12
  Use: Scroll            |       |     9 |    11 |    17 ||    37
       Potion            |       |       |     8 |     4 ||    12
 Stab: Sleeping          |     9 |     5 |    26 |    17 ||    57
       Paralysed         |       |       |       |    13 ||    13
Armor: Robe              |    32 |    61 |   143 |   281 ||   517
       Skin              |       |       |     1 |       ||     1
       Troll leather arm |       |       |       |    50 ||    50
Dodge: Dodged            |    53 |   107 |   217 |   440 ||   817

Table legend: (Time is in decaauts)
 A = Elapsed time spent in this place.
 B = Non-inter-level travel time spent in this place.
 C = Inter-level travel time spent in this place.
 D = Time resting spent in this place.
 E = Time spent auto-exploring this place.
 F = Levels seen in this place.
 G = Mean time per level.
                   A        B        C        D        E       F      G
               +--------+--------+--------+--------+--------+-----+--------+
         Total |  15930 |  15440 |    490 |   2447 |   9630 |  14 | 1137.9 |
       Dungeon |  15108 |  14631 |    477 |   2445 |   9065 |  12 | 1259.0 |
        Temple |     74 |     61 |     13 |      0 |     54 |   1 |   74.0 |
         Sewer |    748 |    748 |      0 |      2 |    511 |   1 |  748.0 |
               +--------+--------+--------+--------+--------+-----+--------+

Top non-repeatable levels by time:
     D:9: 2814 daAuts
     D:1: 1701 daAuts
    D:10: 1548 daAuts
     D:3: 1381 daAuts
    D:11: 1259 daAuts
     D:2: 1076 daAuts
     D:4: 1016 daAuts
     D:6: 907 daAuts
    D:12: 898 daAuts
     D:8: 859 daAuts
     D:7: 847 daAuts
     D:5: 797 daAuts
   Sewer: 748 daAuts
  Temple: 74 daAuts
